TOP OF THE 1ST |
Louisiana State University Tigers batting - Pitching for Mississippi State University Bulldogs : RHP Ryan Zart
|
Pitching: RHP Ryan Zart
|
|
Batting: RHB Dennis Cox
|
0-0: Swinging Strike 0-1: Fly out, F9 (Line Drive, 9S, EV 103.8 MPH)
|
Batting: RHB Fate Makeever
|
0-0: Called Strike 0-1: Swinging Strike 0-2: Strikes out looking
|
Batting: LHB Lourens Aukema
|
0-0: SINGLE (Groundball, 34D, EV 96.9 MPH)
|
Batting: RHB Alberto Bravo
|
0-0: Ball 1-0: Ball 2-0: Foul Ball, location: 2F 2-1: Called Strike 2-2: Ground out U3 (Groundball, 13, EV 94.4 MPH)
|
Top of the 1st over - 0 runs, 1 hit, 0 errors, 1 left on base; Louisiana State University 0 - Mississippi State University 0 |
BOTTOM OF THE 1ST |
Mississippi State University Bulldogs batting - Pitching for Louisiana State University Tigers : RHP David Lopez
|
Pitching: RHP David Lopez
|
|
Batting: RHB Bo Mar
|
0-0: Ball 1-0: Ground out 1-3 (Groundball, P, EV 71.3 MPH)
|
Batting: RHB Bryan Payne
|
0-0: Ball 1-0: Ball 2-0: Called Strike 2-1: DOUBLE (Groundball, 5L, EV 103.8 MPH)
|
Batting: RHB Mike Bearden
|
0-0: Called Strike 0-1: DOUBLE (Line Drive, 5D, EV 98.8 MPH) Bryan Payne scores
|
Batting: RHB Xiao-shuang Au
|
0-0: Ball 1-0: Ball Wild Pitch! Mike Bearden to third 2-0: Fly out, F3 (Line Drive, 3, EV 68.1 MPH)
|
Batting: RHB Alain Marquet
|
0-0: Swinging Strike 0-1: Ball 1-1: Foul Ball, location: 2F 1-2: Ball 2-2: Ball 3-2: Ground out U3 (Groundball, 34, EV 105.0 MPH)
|
Bottom of the 1st over - 1 run, 2 hits, 0 errors, 1 left on base; Louisiana State University 0 - Mississippi State University 1 |
TOP OF THE 2ND |
Louisiana State University Tigers batting - Pitching for Mississippi State University Bulldogs : RHP Ryan Zart
|
Batting: SHB Fernando Solano
|
0-0: Called Strike 0-1: Ball 1-1: SINGLE (Line Drive, 9S, EV 113.1 MPH)
|
Batting: RHB Brad Adams Jr.
|
0-0: Called Strike 0-1: Fly out, F8 (Flyball, 8RD, EV 91.3 MPH)
|
Batting: SHB Emmet Brickowski
|
0-0: Ball Passed Ball! Fernando Solano to second 1-0: Foul Ball, location: 2F 1-1: Swinging Strike 1-2: Fly out, F7 (Line Drive, 7, EV 91.9 MPH)
|
Batting: RHB Fernando Membreno
|
0-0: Fly out, F9 (Line Drive, 9, EV 98.1 MPH)
|
Top of the 2nd over - 0 runs, 1 hit, 0 errors, 1 left on base; Louisiana State University 0 - Mississippi State University 1 |
BOTTOM OF THE 2ND |
Mississippi State University Bulldogs batting - Pitching for Louisiana State University Tigers : RHP David Lopez
|
Batting: RHB Kazuki Arai
|
0-0: Fly out, F8 (Line Drive, 8RM, EV 103.8 MPH)
|
Batting: LHB Ken Morehead
|
0-0: Ball 1-0: Swinging Strike 1-1: Ball 2-1: Ball 3-1: Called Strike 3-2: Ground out U3 (Groundball, 3, EV 83.8 MPH)
|
Batting: RHB Justin Young
|
0-0: Ball 1-0: SINGLE (Groundball, 6MD, EV 95.6 MPH)
|
Batting: LHB Afanasy Zasekin
|
0-0: Fly out, F8 (Line Drive, 8LM, EV 86.3 MPH)
|
Bottom of the 2nd over - 0 runs, 1 hit, 0 errors, 1 left on base; Louisiana State University 0 - Mississippi State University 1 |
TOP OF THE 3RD |
Louisiana State University Tigers batting - Pitching for Mississippi State University Bulldogs : RHP Ryan Zart
|
Batting: SHB Jose Melendez
|
0-0: Ball 1-0: Swinging Strike 1-1: Ground out 4-3 (Groundball, 4M, EV 101.3 MPH)
|
Batting: RHB Dennis Cox
|
0-0: Called Strike 0-1: Swinging Strike 0-2: Ball 1-2: Strikes out swinging
|
Batting: RHB Fate Makeever
|
0-0: Called Strike 0-1: Ball 1-1: Ground out 6-3 (Groundball, 6, EV 78.8 MPH)
|
Top of the 3rd over - 0 runs, 0 hits, 0 errors, 0 left on base; Louisiana State University 0 - Mississippi State University 1 |
BOTTOM OF THE 3RD |
Mississippi State University Bulldogs batting - Pitching for Louisiana State University Tigers : RHP David Lopez
|
Batting: RHB Bo Mar
|
0-0: Foul Ball, location: 2F 0-1: Swinging Strike 0-2: Ground out 5-3 (Groundball, 56S, EV 88.1 MPH)
|
Batting: RHB Bryan Payne
|
0-0: Called Strike 0-1: Foul Ball, location: 2F 0-2: Foul Ball, location: 2F 0-2: Ball 1-2: Ball 2-2: Foul Ball, location: 2F 2-2: Ball 3-2: Fly out, F9 (Line Drive, 9, EV 108.8 MPH)
|
Batting: RHB Mike Bearden
|
0-0: Ball 1-0: Fly out, F7 (Line Drive, 7S, EV 106.9 MPH)
|
Bottom of the 3rd over - 0 runs, 0 hits, 0 errors, 0 left on base; Louisiana State University 0 - Mississippi State University 1 |
TOP OF THE 4TH |
Louisiana State University Tigers batting - Pitching for Mississippi State University Bulldogs : RHP Ryan Zart
|
Batting: LHB Lourens Aukema
|
0-0: Ball 1-0: Called Strike 1-1: Foul Ball, location: 2F 1-2: Fly out, F5 (Popup, 5SF, EV 80.0 MPH)
|
Batting: RHB Alberto Bravo
|
0-0: Swinging Strike 0-1: Ball 1-1: Foul Ball, location: 2F 1-2: Fly out, F7 (Flyball, 7D, EV 111.3 MPH)
|
Batting: SHB Fernando Solano
|
0-0: Ball 1-0: Ball 2-0: Foul Ball, location: 2F 2-1: Reached on error, E6 (Flyball, 56D, EV 86.9 MPH)
|
Batting: RHB Brad Adams Jr.
|
0-0: Ball 1-0: SINGLE (Groundball, 4MD, EV 97.5 MPH) Fernando Solano to second
|
Batting: SHB Emmet Brickowski
|
0-0: Called Strike 0-1: Swinging Strike 0-2: SINGLE (Groundball, 6MD, EV 80.0 MPH) (infield hit) Fernando Solano to third Brad Adams Jr. to second
|
Batting: RHB Fernando Membreno
|
0-0: Ball 1-0: Fielders Choice at 2nd, 6-4 (Groundball, 6, EV 89.4 MPH)
|
Top of the 4th over - 0 runs, 2 hits, 1 error, 3 left on base; Louisiana State University 0 - Mississippi State University 1 |
BOTTOM OF THE 4TH |
Mississippi State University Bulldogs batting - Pitching for Louisiana State University Tigers : RHP David Lopez
|
Batting: RHB Xiao-shuang Au
|
0-0: Called Strike 0-1: Fly out, F8 (Flyball, 78XD, EV 110.6 MPH)
|
Batting: RHB Alain Marquet
|
0-0: Ball 1-0: Foul Ball, location: 2F 1-1: Foul Ball, location: 2F 1-2: Foul Ball, location: 2F 1-2: Foul Ball, location: 2F 1-2: Strikes out swinging
|
Batting: RHB Kazuki Arai
|
0-0: Foul Ball, location: 2F 0-1: Called Strike 0-2: Ground out 6-3 (Groundball, 6, EV 108.1 MPH)
|
Bottom of the 4th over - 0 runs, 0 hits, 0 errors, 0 left on base; Louisiana State University 0 - Mississippi State University 1 |
TOP OF THE 5TH |
Louisiana State University Tigers batting - Pitching for Mississippi State University Bulldogs : RHP Ryan Zart
|
Batting: SHB Jose Melendez
|
0-0: Ball 1-0: Ground out 4-3 (Groundball, 4S, EV 78.1 MPH)
|
Batting: RHB Dennis Cox
|
0-0: Foul Ball, location: 2F 0-1: Fly out, F8 (Flyball, 8RD, EV 92.5 MPH)
|
Batting: RHB Fate Makeever
|
0-0: Ball 1-0: Ball 2-0: Fly out, F7 (Flyball, 7LM, EV 105.0 MPH)
|
Top of the 5th over - 0 runs, 0 hits, 0 errors, 0 left on base; Louisiana State University 0 - Mississippi State University 1 |
BOTTOM OF THE 5TH |
Mississippi State University Bulldogs batting - Pitching for Louisiana State University Tigers : RHP David Lopez
|
Batting: LHB Ken Morehead
|
0-0: Ball 1-0: Ball 2-0: Foul Ball, location: 2F 2-1: Ball 3-1: Foul Ball, location: 2F 3-2: Fly out, F2 (Popup, 23F, EV 88.1 MPH)
|
Batting: RHB Justin Young
|
0-0: Foul Ball, location: 2F 0-1: Ground out 3-1 (Groundball, 13, EV 94.4 MPH)
|
Batting: LHB Afanasy Zasekin
|
0-0: Ground out 4-3 (Groundball, 34D, EV 109.4 MPH)
|
Bottom of the 5th over - 0 runs, 0 hits, 0 errors, 0 left on base; Louisiana State University 0 - Mississippi State University 1 |
TOP OF THE 6TH |
Louisiana State University Tigers batting - Pitching for Mississippi State University Bulldogs : RHP Ryan Zart
|
Pitching: RHP Johnny Hallamore
|
|
Batting: LHB Lourens Aukema
|
0-0: Swinging Strike 0-1: Foul Ball, location: 2F 0-2: Foul Ball, location: 2F 0-2: Foul Ball, location: 2F 0-2: Ball 1-2: Ball 2-2: Ball 3-2: Fly out, F8 (Flyball, 89D, EV 88.8 MPH)
|
Batting: RHB Alberto Bravo
|
0-0: Ball 1-0: Swinging Strike 1-1: SINGLE (Groundball, 4MD, EV 106.3 MPH) (infield hit)
|
Batting: SHB Fernando Solano
|
0-0: Ball 1-0: Foul Ball, location: 2F 1-1: Swinging Strike 1-2: Strikes out swinging
|
Batting: RHB Brad Adams Jr.
|
0-0: Ball Alberto Bravo steals 2nd base 1-0: Called Strike 1-1: Foul Ball, location: 2F 1-2: Ball 2-2: Ground out U3 (Groundball, 34, EV 82.5 MPH)
|
Top of the 6th over - 0 runs, 1 hit, 0 errors, 1 left on base; Louisiana State University 0 - Mississippi State University 1 |
BOTTOM OF THE 6TH |
Mississippi State University Bulldogs batting - Pitching for Louisiana State University Tigers : RHP David Lopez
|
Batting: RHB Bo Mar
|
0-0: Bunt for hit to 25 - play at first, batter safe!
|
Batting: RHB Bryan Payne
|
0-0: Ball 1-0: Called Strike 1-1: Foul Ball, location: 2F 1-2: Foul Ball, location: 2F 1-2: Ball 2-2: Ball 3-2: DOUBLE (Flyball, 78XD, EV 107.5 MPH) Bo Mar to third
|
Batting: RHB Mike Bearden
|
0-0: Intentional Walk
|
Batting: RHB Xiao-shuang Au
|
0-0: Called Strike 0-1: Fly out, F9 (Flyball, 89D, EV 98.8 MPH) Runner from 3rd tags up, SCORES, no throw by RF
|
Batting: RHB Alain Marquet
|
0-0: Called Strike 0-1: Foul Ball, location: 2F 0-2: Foul Ball, location: 2F 0-2: Fly out, F3 (Popup, 34S, EV 64.4 MPH)
|
Batting: RHB Kazuki Arai
|
0-0: Ball 1-0: DOUBLE (Line Drive, 89D, EV 110.0 MPH) Bryan Payne scores Mike Bearden to third
|
Batting: LHB Ken Morehead
|
0-0: Called Strike 0-1: Foul Ball, location: 2F 0-2: Ball 1-2: Ball 2-2: Foul Ball, location: 2F 2-2: Foul Ball, location: 2F 2-2: Foul Ball, location: 2F 2-2: Ball 3-2: Ground out U3 (Groundball, 3, EV 90.0 MPH)
|
Bottom of the 6th over - 2 runs, 3 hits, 0 errors, 2 left on base; Louisiana State University 0 - Mississippi State University 3 |
TOP OF THE 7TH |
Louisiana State University Tigers batting - Pitching for Mississippi State University Bulldogs : RHP Johnny Hallamore
|
Batting: SHB Emmet Brickowski
|
0-0: Ground out U3 (Groundball, 34, EV 101.9 MPH)
|
Batting: RHB Fernando Membreno
|
0-0: Ball 1-0: Called Strike 1-1: Called Strike 1-2: Strikes out swinging
|
Batting: SHB Jose Melendez
|
0-0: Called Strike 0-1: Called Strike 0-2: Ball 1-2: Ground out 4-3 (Groundball, 4, EV 101.9 MPH)
|
Top of the 7th over - 0 runs, 0 hits, 0 errors, 0 left on base; Louisiana State University 0 - Mississippi State University 3 |
BOTTOM OF THE 7TH |
Mississippi State University Bulldogs batting - Pitching for Louisiana State University Tigers : RHP David Lopez
|
Pitching: LHP Carlos Munoz
|
|
Batting: RHB Justin Young
|
0-0: Called Strike 0-1: Ball 1-1: Swinging Strike 1-2: Ball 2-2: Ball 3-2: DOUBLE (Line Drive, 5D, EV 97.5 MPH)
|
Batting: LHB Afanasy Zasekin
|
0-0: Intentional Walk
|
Batting: RHB Bo Mar
|
0-0: Bunt missed! 0-1: Sac Bunt to 5S - play at first, batter OUT! 5-4 Justin Young to third Afanasy Zasekin to second
|
Batting: RHB Bryan Payne
|
0-0: Swinging Strike 0-1: Swinging Strike 0-2: Strikes out swinging
|
Batting: RHB Mike Bearden
|
0-0: SINGLE (Groundball, 4MS, EV 67.5 MPH) (infield hit) Justin Young scores Afanasy Zasekin to third
|
Batting: RHB Xiao-shuang Au
|
0-0: Swinging Strike 0-1: Ball 1-1: Foul Ball, location: 2F 1-2: Strikes out looking
|
Bottom of the 7th over - 1 run, 2 hits, 0 errors, 2 left on base; Louisiana State University 0 - Mississippi State University 4 |
TOP OF THE 8TH |
Louisiana State University Tigers batting - Pitching for Mississippi State University Bulldogs : RHP Johnny Hallamore
|
Batting: RHB Dennis Cox
|
0-0: SINGLE (Groundball, 6D, EV 95.6 MPH)
|
Batting: RHB Fate Makeever
|
0-0: Ball 1-0: Ball 2-0: SINGLE (Groundball, 4S, EV 68.8 MPH) (infield hit) Dennis Cox to second
|
Batting: LHB Lourens Aukema
|
0-0: Ball 1-0: Ball 2-0: Foul Ball, location: 2F 2-1: Foul Ball, location: 2F 2-2: Ball 3-2: Foul Ball, location: 2F 3-2: Strikes out swinging
|
Batting: RHB Alberto Bravo
|
0-0: Ball 1-0: Ball 2-0: Called Strike 2-1: Ball 3-1: Base on Balls Dennis Cox to third Fate Makeever to second
|
Batting: SHB Fernando Solano
|
0-0: Foul Ball, location: 2F 0-1: Ball 1-1: Ball 2-1: Ball 3-1: Grounds into double play, 4-6-3 (Groundball, 4, EV 82.5 MPH)
|
Top of the 8th over - 0 runs, 2 hits, 0 errors, 2 left on base; Louisiana State University 0 - Mississippi State University 4 |
BOTTOM OF THE 8TH |
Mississippi State University Bulldogs batting - Pitching for Louisiana State University Tigers : LHP Carlos Munoz
|
Pitching: LHP Ighlas Kumbuka
|
|
Batting: RHB Alain Marquet
|
0-0: Ball 1-0: DOUBLE (Line Drive, 7LM, EV 111.9 MPH)
|
Batting: RHB Kazuki Arai
|
0-0: Foul Ball, location: 2F 0-1: Foul Ball, location: 2F 0-2: Foul Ball, location: 2F 0-2: Ball 1-2: Hit by Pitch
|
Batting: LHB Ken Morehead
|
0-0: Called Strike 0-1: Ball 1-1: Swinging Strike 1-2: Ball 2-2: Strikes out swinging
|
Batting: RHB Justin Young
|
0-0: Called Strike 0-1: Ball 1-1: Ball 2-1: DOUBLE (Line Drive, 9LS, EV 91.3 MPH) Alain Marquet scores Kazuki Arai to third
|
Batting: LHB Afanasy Zasekin
|
0-0: Ball 1-0: Ball 2-0: Called Strike 2-1: Fly out, F7 (Flyball, 7, EV 91.3 MPH)
|
Batting: RHB Bo Mar
|
0-0: Ball 1-0: Ball 2-0: SINGLE (Line Drive, 8LS, EV 103.1 MPH) Kazuki Arai scores Justin Young to third
|
Batting: RHB Bryan Payne
|
0-0: Ball 1-0: Called Strike 1-1: Called Strike 1-2: Ball 2-2: Ball 3-2: SINGLE (Groundball, 5S, EV 72.5 MPH) (infield hit) Justin Young scores Bo Mar to second
|
Batting: RHB Mike Bearden
|
0-0: Ball 1-0: Ball 2-0: SINGLE (Groundball, 56S, EV 71.9 MPH) (infield hit) Bo Mar to third Bryan Payne to second
|
Batting: RHB Xiao-shuang Au
|
0-0: Ball 1-0: Fly out, F7 (Flyball, 78S, EV 98.1 MPH)
|
Bottom of the 8th over - 3 runs, 5 hits, 0 errors, 3 left on base; Louisiana State University 0 - Mississippi State University 7 |
TOP OF THE 9TH |
Louisiana State University Tigers batting - Pitching for Mississippi State University Bulldogs : RHP Johnny Hallamore
|
Batting: RHB Brad Adams Jr.
|
0-0: Ground out 4-3 (Groundball, 4, EV 94.4 MPH)
|
Pinch Hitting: RHB Mike Larson
|
0-0: Ground out 6-3 (Groundball, 6, EV 83.8 MPH)
|
Pinch Hitting: RHB Jose Cerritos
|
0-0: DOUBLE (Line Drive, 9LS, EV 96.9 MPH)
|
Pinch Hitting: RHB Richard Saquic
|
0-0: Called Strike 0-1: Ball 1-1: Ball 2-1: Swinging Strike 2-2: Ground out 6-3 (Groundball, 6, EV 90.6 MPH)
|
Top of the 9th over - 0 runs, 1 hit, 0 errors, 1 left on base; Louisiana State University 0 - Mississippi State University 7 |
|